 Dungeon Crawl Stone Soup version 0.30-a0-1050-g2766ea1e55 (webtiles) character file.

Game seed: 14805306723995024040

11685 Ic0nGaming the Slicer (level 12, -6/64 HPs)
             Began as a Kobold Fighter on Apr 10, 2023.
             Was an Elder of Okawaru.
             Mangled by a komodo dragon (21 damage)
             ... on level 1 of the Lair of Beasts.
             The game lasted 00:25:38 (14038 turns).

Ic0nGaming the Slicer (Kobold Fighter)             Turns: 14038, Time: 00:25:38

Health: -6/64      AC:  9    Str: 17    XL:     12   Next: 10%
Magic:  15/15      EV: 18    Int: 13    God:    Okawaru [****..]
Gold:   384        SH: 13    Dex: 18    Spells: 11/11 levels left

rFire   . . .      SeeInvis .    b - +6 dagger (venom)
rCold   + + .      Faith    .    k - +1 kite shield
rNeg    . . .      Spirit   .    g - +0 scale mail "Ymouc" {rC+ Str+3}
rPois   .          Reflect  .    (no helmet)
rElec   .          Rampage  .    r - scarf {repulsion}
rCorr   .                        f - +0 pair of gloves
Will    .....                    (no boots)
Stlth   +++++++                  s - amulet of the acrobat
HPRegen 0.30/turn                n - ring "Ostazof" {rC+ Int+3}
MPRegen 0.14/turn                u - +5 ring of evasion

@: heroic, repel missiles
A: small, no large weapons, nightstalker 3
a: Renounce Religion, Heroism, Finesse


You were on level 1 of the Lair of Beasts.
You worshipped Okawaru.
Okawaru was greatly pleased with you.
You visited 3 branches of the dungeon, and saw 12 of its levels.

You collected 728 gold pieces.
You spent 344 gold pieces at shops.

Inventory:

Hand Weapons
 a - a +1 rapier
 b - a +6 dagger of venom (weapon)
 c - a +1 scimitar of flaming
Missiles
 h - 45 poisoned darts
 i - 3 silver boomerangs (quivered)
 o - a throwing net
 y - 11 boomerangs
Armour
 f - a +0 pair of gloves (worn)
 g - the +0 scale mail "Ymouc" (worn) {rC+ Str+3}
   (You found it on level 2 of the Dungeon)

   Str:       It affects your strength (+3).
   rC:        It protects you from cold.
 k - a +1 kite shield (worn)
 r - a scarf of repulsion (worn)
Jewellery
 n - the ring "Ostazof" (left hand) {rC+ Int+3}
   (You found it on level 2 of the Dungeon)

   [ring of protection from cold]

   Int:       It affects your intelligence (+3).
   rC:        It protects you from cold.
 s - an amulet of the acrobat (around neck)
 u - a +5 ring of evasion (right hand)
Wands
 d - a wand of flame (10)
 x - a wand of iceblast (16)
 C - a wand of acid (4)
Scrolls
 l - 5 scrolls of teleportation
 q - 4 scrolls of fog
 v - 2 scrolls of fear
 A - a scroll of blinking
Potions
 e - 3 potions of flight
 j - 2 potions of heal wounds
 m - 2 potions of curing
 p - a potion of invisibility {unknown}
 t - 2 potions of attraction {unknown}
 w - 4 potions of mutation
 z - a potion of resistance {unknown}
 B - a potion of berserk rage {unknown}
Miscellaneous
 D - a phial of floods


   Skills:
 - Level 3.2(8.2) Fighting
 - Level 14.0(19.0) Short Blades
 - Level 2.4(7.4) Armour
 - Level 13.0(18.0) Stealth
 + Level 6.1(11.1) Shields
 - Level 4.4 Invocations
 - Level 10.7 Evocations


You had 11 spell levels left.
You didn't know any spells.
Your spell library contained the following spells:

 Spells                   Type           Power      Damage    Failure   Level
 Beastly Appendage        Tmut           0%         N/A       95%         1
 Magic Dart               Conj           0%         1d3       95%         1
 Cigotuvi's Dreadful Rot  Necr/Pois/Air  0%         N/A       99%         2
 Wereblood                Tmut           0%         N/A       99%         2
 Dazzling Flash           Conj/Hex       0%         N/A       100%        3
 Hailstorm                Conj/Ice       0%         3d3       100%        3
 Inner Flame              Hex/Fire       0%         N/A       100%        3
 Mephitic Cloud           Conj/Pois/Air  0%         N/A       100%        3
 Spider Form              Tmut/Pois      0%         N/A       100%        3
 Vhi's Electric Charge    Tloc/Air       0%         N/A       100%        3
 Volatile Blastmotes      Fire/Tloc      0%         2d10      100%        3
 Dispel Undead            Necr           0%         3d6       100%        4
 Ice Form                 Ice/Tmut       0%         N/A       100%        4
 Agony                    Necr           0%         N/A       100%        5
 Silence                  Hex/Air        0%         N/A       100%        5
 Call Imp                 Summ           Unusable   N/A       N/A         2
 Death Channel            Necr           Unusable   N/A       N/A         6
 Simulacrum               Ice/Necr       Unusable   N/A       N/A         6

Dungeon Overview and Level Annotations

Branches:
Dungeon (10/15)            Temple (1/1) D:4            Lair (1/5) D:9
    Orc (0/2) D:9

Altars:
Ashenzari
Cheibriados
Dithmenos
Elyvilon
Fedhas
Gozag
Hepliaklqana
Kikubaaqudgha
Makhleb
Nemelex Xobeh
Okawaru
Qazlal
Ru
Sif Muna
Trog
Uskayaw
Vehumet
Wu Jian
Xom
Yredelemnul
Zin
The Shining One

Shops:
D:4 (


Innate Abilities, Weirdness & Mutations

You are small and have problems with some larger weapons.
You are completely attuned to the shadows.


Message History

You feel sick.
You hit the komodo dragon.
The komodo dragon is poisoned.
The komodo dragon is lightly wounded.
You feel sick. You block the komodo dragon's attack.
You hit the komodo dragon but do no damage.
The komodo dragon looks as sick as possible!
The komodo dragon is lightly wounded.
You hit the komodo dragon.
The komodo dragon looks as sick as possible!
The komodo dragon is lightly wounded.
You feel sick.
The komodo dragon bites you but does no damage.
You completely miss the komodo dragon.
The komodo dragon is lightly wounded.
You feel sick. The komodo dragon bites you!
Okay, then.
You feel better. You block the komodo dragon's attack.
You hit the komodo dragon but do no damage.
The komodo dragon looks as sick as possible!
The komodo dragon is moderately wounded.
You hit the komodo dragon but do no damage.
The komodo dragon looks as sick as possible!
The komodo dragon is moderately wounded.
You block the komodo dragon's attack.
You hit the komodo dragon but do no damage.
The komodo dragon is moderately wounded.
You block the komodo dragon's attack.
You hit the komodo dragon.
The komodo dragon looks as sick as possible!
The komodo dragon is heavily wounded.
You hit the komodo dragon.
The komodo dragon looks as sick as possible!
The komodo dragon is heavily wounded.
The komodo dragon bites you!!
You closely miss the komodo dragon.
The komodo dragon is heavily wounded.
The komodo dragon bites you!!
* * * LOW HITPOINT WARNING * * *
You feel much better. The komodo dragon bites you!!
You die...

.+.# ~ .### ♣~P
.###♣♣♣♣♣♣~♣♣♣♣♣♣#
..##P♣P♣♣~~.♣P~♣P##
.....~..~~~~~.~...#
####♣PP♣.~.~P♣~♣~.#
♣♣♣♣♣♣.♣♣♣♣♣♣.##
♣~.♣♣♣♣##..#
♣P~P♣..l@.##
♣♣~♣♣..#### ♣.~♣..#
.....# .....#
.....# .....#


You could see a komodo dragon (extremely poisoned).

Vanquished Creatures
  Erica (Lair:1)
  A two-headed ogre (D:9)
  2 cane toads (Lair:1)
  Maggie (D:6)
  A komodo dragon (D:9)
  2 trolls (D:10)
  A shadow (D:10)
  23 yaks
  A steam dragon (D:8)
  4 water moccasins
  Duvessa (D:7)
  An ice beast (D:7)
  3 orc warriors (D:9)
  2 black bears
  A centaur (D:5)
  4 phantoms
  3 kobold brigands
  Blork the orc (D:4)
  2 gnoll sergeants
  10 bullfrogs
  2 scorpions
  11 wights
  Dowan (D:7)
  16 killer bees
  An electric eel (Lair:1)
  3 howler monkeys
  2 hounds
  10 orc priests
  5 jellies
  2 sleepcaps
  Jessica (D:3)
  4 iguanas
  8 orc wizards
  A statue (D:10)
  15 gnolls
  10 adders
  2 shadow imps (D:5)
  A white imp (D:4)
  2 ufetubi
  2 worms
  2 dart slugs (D:2)
  60 orcs
  5 ball pythons
  8 bats
  8 endoplasms
  A giant cockroach (D:2)
  11 goblins
  7 hobgoblins
  A jackal (D:5)
  16 kobolds
  6 quokkas
  A frilled lizard (D:3)
  7 rats
297 creatures vanquished.

Vanquished Creatures (others)
  3 fungi (Lair:1)
  26 plants (Lair:1)
29 creatures vanquished.

Grand Total: 326 creatures vanquished

Notes
Turn   | Place    | Note
-------+----------+-------------------------------------------
     0 | D:1      | Ic0nGaming the Kobold Fighter began the quest for the Orb.
     0 | D:1      | Reached XP level 1. HP: 14/14 MP: 1/1
    40 | D:1      | Reached skill level 3 in Short Blades
   208 | D:1      | Reached XP level 2. HP: 19/19 MP: 2/2
   483 | D:1      | Reached skill level 4 in Short Blades
   625 | D:1      | Reached XP level 3. HP: 21/23 MP: 3/3
  1265 | D:1      | Reached skill level 5 in Short Blades
  1271 | D:1      | Reached XP level 4. HP: 16/28 MP: 4/4
  1534 | D:2      | Found a stormy altar of Qazlal.
  1702 | D:2      | Identified the ring "Ostazof" {rC+ Int+3}
  1778 | D:2      | Reached skill level 6 in Short Blades
  1827 | D:2      | Found a faded altar of an unknown god.
  2070 | D:2      | Reached XP level 5. HP: 32/32 MP: 5/5
  2095 | D:2      | Identified the +0 scale mail "Ymouc" {rC+ Str+3}
  2258 | D:3      | Found an ancient bone altar of Kikubaaqudgha.
  2566 | D:3      | Noticed Jessica
  2569 | D:3      | Killed Jessica
  2570 | D:3      | Reached skill level 7 in Short Blades
  3098 | D:4      | Found Daodaes's Weapon Emporium.
  3118 | D:4      | Found a staircase to the Ecumenical Temple.
  3148 | Temple   | Entered the Ecumenical Temple
  3209 | Temple   | Became a worshipper of Warmaster Okawaru
  3343 | D:3      | Reached skill level 1 in Stealth
  3343 | D:3      | Reached XP level 6. HP: 27/37 MP: 6/6
  3667 | D:4      | Reached skill level 8 in Short Blades
  4228 | D:4      | Noticed Blork the orc
  4260 | D:5      | Entered Level 5 of the Dungeon
  4273 | D:5      | Reached XP level 7. HP: 29/41 MP: 7/7
  4434 | D:5      | Reached skill level 9 in Short Blades
  4830 | D:5      | Reached skill level 1 in Invocations
  5292 | D:5      | Reached * piety under Okawaru
  5293 | D:5      | Reached skill level 5 in Stealth
  5293 | D:5      | Reached XP level 8. HP: 46/46 MP: 8/10
  5657 | D:4      | Killed Blork the orc
  5823 | D:4      | Bought a +6 dagger of venom for 344 gold pieces
  6006 | D:6      | Reached skill level 10 in Short Blades
  6086 | D:6      | Reached ** piety under Okawaru
  6192 | D:6      | Reached XP level 9. HP: 51/51 MP: 12/12
  6233 | D:6      | Reached skill level 11 in Short Blades
  6568 | D:6      | Noticed Maggie
  6819 | D:6      | Killed Maggie
  6963 | D:7      | Noticed Dowan
  6964 | D:7      | Noticed Duvessa
  6965 | D:7      | Killed Dowan
  6966 | D:7      | Reached skill level 12 in Short Blades
  6993 | D:7      | Killed Duvessa
  7666 | D:7      | Found a hide-covered altar of Uskayaw.
  7667 | D:7      | Found a white marble altar of Elyvilon.
  7667 | D:7      | Found an opulent altar of Gozag.
  7676 | D:7      | Reached *** piety under Okawaru
  7687 | D:7      | Got Dixykh's Volume of Ouranomancy and Burning
  7815 | D:7      | Reached skill level 13 in Short Blades
  7937 | D:7      | Found a stormy altar of Qazlal.
  8228 | D:8      | Reached XP level 10. HP: 20/56 MP: 13/13
  8442 | D:8      | Found a shadowy altar of Dithmenos.
  8527 | D:8      | Reached skill level 10 in Stealth
  8599 | D:8      | Reached skill level 14 in Short Blades
 10388 | D:9      | Reached skill level 1 in Evocations
 10737 | D:9      | Reached **** piety under Okawaru
 10764 | D:9      | Found a staircase to the Orcish Mines.
 10963 | D:9      | Found a blossoming altar of Fedhas.
 11343 | D:9      | Found a staircase to the Lair.
 11350 | D:9      | Reached skill level 5 in Evocations
 11398 | D:9      | Reached XP level 11. HP: 26/60 MP: 12/14
 11564 | D:9      | Found a glowing silver altar of Zin.
 11674 | D:9      | Noticed a two-headed ogre
 11692 | D:9      | Killed a two-headed ogre
 11847 | D:9      | Found a hazy altar of Hepliaklqana.
 11868 | D:10     | Entered Level 10 of the Dungeon
 12032 | D:10     | Found a shimmering blue altar of Sif Muna.
 12142 | D:10     | Found a radiant altar of Vehumet.
 12812 | D:10     | Reached skill level 10 in Evocations
 12998 | Lair:1   | Entered Level 1 of the Lair of Beasts
 13320 | Lair:1   | Noticed Erica
 13324 | Lair:1   | Killed Erica
 13405 | Lair:1   | Reached skill level 5 in Shields
 13570 | Lair:1   | Reached XP level 12. HP: 64/64 MP: 15/15
 14037 | Lair:1   | HP: 3/64 [komodo dragon (18)]
 14038 | Lair:1   | Mangled by a komodo dragon

Illustrated notes

Levels and vault maps discovered:
D:1:      psy_arrival_basics, layout_loops_corners
D:2:      layout_rooms, basic_altar, ebering_ecumenical_altar_ruins,
          grunt_ministairs_14
D:3:      layout_loops_ring, lemuel_zombie_altar_kikubaaqudgha, uniq_jessica
D:4:      layout_basic, minmay_temple_entry_grid, serial_shops, kennysheep_mini,
          minmay_crystal_water, uniq_blork_the_orc
D:5:      kb_forest_paths, layout_basic
D:6:      layout_loops_ring, uniq_maggie
D:7:      layout_loops_corners, lemuel_doored_altar,
          chequers_temple_overflow_statue_of_worship, uniq_duvessa
D:8:      layout_cave_pods, nicolae_dithmenos_the_darkroom
D:9:      lemuel_ice_spiral_2, layout_basic, lemuel_coloured_pillars_altar,
          zin_treasury, mainiacjoe_overflow_surrounded_room, hiddenorc2_lemuel
D:10:     layout_roguey, nicolae_overflow_crystal_walls, vehumet_statue,
          serial_corexii_hall, corexii_hall_statues_x, corexii_hall_statues_l
Temple:   nicolae_temple_ecumenical_triangle
Lair:1:   layout_roguey, serial_bayou, serial_bayou_pond_d,
          serial_bayou_crossing, serial_bayou_lagoon_a, serial_bayou_pond_c,
          st_stairs_6, uniq_erica

Skill      XL: |  1  2  3  4  5  6  7  8  9 10 11 12 |
---------------+-------------------------------------+-----
Short Blades   | 3 4 5 6 7 8 9 10 13 14 | 14.0
Stealth        | 1 3 5 7 9 13 | 13.0
Invocations    | 2 4 |  4.4
Evocations     | 6 10 | 10.7
Shields        | 5 6 |  6.1
Fighting       | |  3.2
Armour         | |  2.4

Action                     |  1- 3 |  4- 6 |  7- 9 | 10-12 || total
---------------------------+-------+-------+-------+-------++-------
  Melee: Rapier            |    99 |    31 |    26 |       ||   156
         Dagger            |     3 |   201 |   257 |   569 ||  1030
  Throw: Dart              |       |     2 |       |       ||     2
 Invoke: Heroism           |       |       |     1 |    14 ||    15
  Evoke: Wand              |       |       |       |     3 ||     3
    Use: Scroll            |     2 |     6 |     6 |     4 ||    18
         Potion            |       |       |     4 |     4 ||     8
   Stab: Sleeping          |       |     6 |    26 |    25 ||    57
         Distracted        |       |       |     4 |     3 ||     7
 Armour: Scale mail        |    39 |    58 |    75 |    43 ||   215
  Dodge: Dodged            |    42 |    58 |   122 |   324 ||   546
         Repelled          |       |       |     1 |       ||     1
  Block: Buckler           |    22 |    35 |    49 |    59 ||   165
         Kite shield       |       |       |       |    37 ||    37

Table legend: (Time is in decaauts)
 A = Elapsed time spent in this place.
 B = Non-inter-level travel time spent in this place.
 C = Inter-level travel time spent in this place.
 D = Time resting spent in this place.
 E = Time spent auto-exploring this place.
 F = Levels seen in this place.
 G = Mean time per level.
                   A        B        C        D        E       F      G
               +--------+--------+--------+--------+--------+-----+--------+
         Total |  13654 |  13141 |    513 |   2779 |   8123 |  12 | 1137.8 |
       Dungeon |  12720 |  12208 |    512 |   2663 |   7495 |  10 | 1272.0 |
        Temple |     70 |     70 |      0 |      0 |     39 |   1 |   70.0 |
          Lair |    863 |    863 |      0 |    116 |    589 |   1 |  863.0 |
               +--------+--------+--------+--------+--------+-----+--------+

Top non-repeatable levels by time:
     D:9: 2087 daAuts
     D:8: 1616 daAuts
     D:5: 1580 daAuts
     D:1: 1422 daAuts
     D:4: 1255 daAuts
     D:7: 1201 daAuts
    D:10: 1054 daAuts
     D:3: 932 daAuts
  Lair:1: 863 daAuts
     D:6: 842 daAuts
     D:2: 728 daAuts
  Temple: 70 daAuts
